 Dungeon Crawl Stone Soup version 0.24-a0-335-g06ca16a (webtiles) character file.

Game seed: 10691429591131430379

2002 kidcy the Skirmisher (level 9, -5/74 HPs)
             Began as a Demonspawn Monk on May 19, 2019.
             Was a Believer of Ashenzari.
             Killed by divine providence
             ... invoked by an orc priest
              (10 damage)
             ... on level 7 of the Dungeon.
             The game lasted 00:17:26 (8775 turns).

kidcy the Skirmisher (Demonspawn Monk)              Turns: 8775, Time: 00:17:27

Health: -5/74      AC: 12    Str: 15    XL:     9   Next: 2%
Magic:  0/9        EV:  4    Int: 11    God:    Ashenzari [**....]
Gold:   342        SH:  4    Dex: 22    Spells: 8/8 levels left

rFire    . . .     SeeInvis .   E - +3 flail (venom) (curse)
rCold    + . .     Gourm    .   h - +0 buckler
rNeg     . . .     Faith    .   x - +0 plate armour
rPois    .         Spirit   +   (no helmet)
rElec    .         Reflect  .   A - scarf {cloud immunity} (curse)
rCorr    .         Harm     .   (no gloves)
MR       .....                  w - +0 pair of boots (curse)
Stlth    ..........             j - amulet of magic regeneration
HPRegen  0.22/turn              k - +2 ring of dexterity
MPRegen  0.47/turn              (no ring)

@: heavily drained
A: talons 2, thin skeletal structure 2, cold resistance 1, magic shield, magic
regeneration, freezing cloud immunity
a: Curse Item, Scrying, Renounce Religion


You were on level 7 of the Dungeon.
You worshipped Ashenzari.
Ashenzari was pleased with you.
You were not hungry.

You visited 1 branch of the dungeon, and saw 7 of its levels.

You collected 342 gold pieces.

Inventory:

Hand Weapons
 E - a cursed +3 flail of venom (weapon)
Missiles
 m - 5 silver boomerangs (quivered)
Armour
 b - a +0 helmet
 e - a +2 cloak
 h - a +0 buckler (worn)
 w - a cursed +0 pair of boots (worn)
 x - a +0 plate armour (worn)
 A - a cursed scarf of cloud immunity (worn)
Jewellery
 a - an uncursed ring of protection from cold
 j - an amulet of magic regeneration (around neck)
 k - a +2 ring of dexterity (left hand)
Wands
 f - a wand of random effects (13)
 i - a wand of disintegration (10)
 y - a wand of paralysis (5)
Scrolls
 d - 2 scrolls of fear
 g - 4 scrolls of identify
 n - a scroll of fog
 p - a scroll of blinking
 q - a scroll of enchant weapon
 t - a scroll of magic mapping
 u - a scroll of amnesia
 v - 2 scrolls of teleportation
 H - a scroll of remove curse
Potions
 l - 2 potions of mutation
 o - a potion of degeneration {unknown}
 r - 2 potions of curing {unknown}
 s - a potion of haste {unknown}
 z - a potion of magic {unknown}
 B - a potion of lignification {unknown}
 D - a potion of flight {unknown}
 G - a potion of agility {unknown}
 J - a potion of cancellation {unknown}
Comestibles
 c - 8 rations


   Skills:
 * Level 7.9(6.3) Fighting
 * Level 7.3(7.9) Maces & Flails
 + Level 4.5(3.0) Armour
 - Level 2.9(1.5) Dodging
 - Level 2.1(0.7) Stealth


You had 8 spell levels left.
You didn't know any spells.
Your spell library contained the following spells:

 Spells                   Type           Power        Failure   Level  Hunger
 Magic Dart               Conj           #...         100%        1    ##.....
 Blink                    Tloc           N/A          100%        2    ###....
 Call Imp                 Summ           #.......     100%        2    ###....
 Slow                     Hex            #.......     100%        2    ###....
 Conjure Flame            Conj/Fire      #.......     100%        3    ####...
 Mephitic Cloud           Conj/Pois/Air  #.......     100%        3    ####...


Dungeon Overview and Level Annotations

Branches:
Dungeon (7/15)             Temple (0/1) D:6

Altars:
Ashenzari
Cheibriados
Xom

Annotations:
D:6 1 runed translucent door, Stiffzip's ghost, novice SpGl


Innate Abilities, Weirdness & Mutations

You have razor-sharp toenails.
You have a moderately thin skeletal structure. (Dex +4, Stealth+)
Your flesh is cold resistant. (rC+)
When hurt, damage is shared between your health and your magic reserves.
You regenerate magic rapidly.
You are immune to freezing clouds.


Message History

You hit the orc warrior.
The orc warrior is severely wounded.
The orc warrior hits you with a +0 battleaxe!
* * * LOW HITPOINT WARNING * * *
The orc priest calls down the wrath of Beogh upon you.
Beogh smites you!
* * * LOW HITPOINT WARNING * * *
The orc priest calls down the wrath of Beogh upon you.
Beogh smites you!
* * * LOW HITPOINT WARNING * * *
Unknown command.
You feel much better.
The orc priest calls down the wrath of Beogh upon you.
Beogh smites you!
* * * LOW HITPOINT WARNING * * *
The orc warrior hits you with a +0 battleaxe.
* * * LOW HITPOINT WARNING * * *
The orc priest calls down the wrath of Beogh upon you.
Beogh smites you!
You die...

* ,{ #..#.#.#
#..# , ,
#..#.#.# #..# **
#..#.#######
#..#* * #....#
#..÷# #... ,,
#....# #.○÷# * *
* , #)#..###.).#
* #.##.#.###.#
,* , *#,
#...##.## , **
*#..###@# ,
*##.##o###.#.#**
* ,*,
#.>.o....... *
###oo#####.#,*
,* #......#, *
,* ** #.#.##.# *
, * * #.#.#, , *
#.#.# * * #.#.#
*


You could see an orc warrior, 2 orc priests and an orc.

Vanquished Creatures
  Grinder (D:6)
  An orc warrior (D:7)
  A sky beast (D:7)
  A necrophage (D:7)
  3 ogres
  A phantom (D:7)
  A bullfrog (D:7)
  3 wights
  4 howler monkeys
  A crimson imp (D:6)
  A quasit (D:5)
  2 jellies
  A gnoll shaman (D:6)
  2 orc priests (D:4)
  3 hounds
  2 orc wizards
  Ijyb (D:4)
  An iguana (D:6)
  7 worker ants
  A hound zombie (D:5)
  A hound skeleton (D:6)
  7 adders
  5 gnolls (D:6)
  2 shadow imps (D:6)
  3 oozes
  An adder zombie (D:5)
  3 dart slugs
  5 leopard geckos
  14 orcs
  3 ball pythons
  5 bats
  13 giant cockroaches
  7 goblins
  3 hobgoblins
  15 jackals
  3 kobolds
  4 quokkas
  5 frilled lizards
  2 leopard gecko skeletons
  A quokka skeleton (D:4)
  7 rats
147 creatures vanquished.

Notes
Turn   | Place    | Note
-------+----------+-------------------------------------------
     0 | D:1      | kidcy the Demonspawn Monk began the quest for the Orb.
     0 | D:1      | Reached XP level 1. HP: 18/18 MP: 1/1
   366 | D:1      | Gained mutation: When hurt, damage is shared between your
                  | health and your magic reserves. [demonic ancestry]
   366 | D:1      | Reached XP level 2. HP: 1/24 MP: 2/2
  2016 | D:2      | Gained mutation: You have a somewhat thin skeletal
                  | structure. (Dex +2, Stealth) [demonic ancestry]
  2016 | D:2      | Reached XP level 3. HP: 17/29 MP: 3/3
  2976 | D:3      | Reached skill level 1 in Armour
  3094 | D:3      | Gained mutation: You have sharp toenails. [demonic
                  | ancestry]
  3094 | D:3      | Reached XP level 4. HP: 33/35 MP: 4/4
  3843 | D:4      | Gained mutation: Your flesh is cold resistant. (rC+)
                  | [demonic ancestry]
  3843 | D:4      | Reached XP level 5. HP: 39/42 MP: 5/5
  3850 | D:4      | Noticed Ijyb
  3875 | D:4      | Paralysed by Ijyb for 2 turns
  3889 | D:4      | Killed Ijyb
  4525 | D:4      | Noticed an ogre
  4532 | D:4      | Killed an ogre
  4532 | D:4      | Gained mutation: You regenerate magic rapidly. [demonic
                  | ancestry]
  4532 | D:4      | Reached XP level 6. HP: 50/50 MP: 6/6
  4582 | D:4      | Reached skill level 5 in Fighting
  4732 | D:4      | Found a shattered altar of Ashenzari.
  4737 | D:4      | Became a worshipper of Ashenzari the Shackled
  4737 | D:4      | Reached * piety under Ashenzari
  4737 | D:4      | Reached ** piety under Ashenzari
  4976 | D:4      | Found a snail-covered altar of Cheibriados.
  4976 | D:4      | Found a shimmering altar of Xom.
  5431 | D:5      | Entered Level 5 of the Dungeon
  5700 | D:5      | Gained mutation: You have razor-sharp toenails. [demonic
                  | ancestry]
  5700 | D:5      | Reached XP level 7. HP: 38/56 MP: 7/7
  6099 | D:5      | Reached skill level 5 in Maces & Flails
  7353 | D:6      | Noticed Grinder
  7361 | D:6      | Killed Grinder
  7361 | D:6      | Gained mutation: You are immune to freezing clouds.
                  | [demonic ancestry]
  7361 | D:6      | Reached XP level 8. HP: 65/65 MP: 8/8
  7428 | D:6      | Noticed Stiffzip's ghost (novice SpGl)
  7441 | D:6      | Found a runed translucent door.
  7504 | D:6      | Found a staircase to the Ecumenical Temple.
  8639 | D:7      | Gained mutation: You have a moderately thin skeletal
                  | structure. (Dex +4, Stealth+) [demonic ancestry]
  8639 | D:7      | Reached XP level 9. HP: 74/74 MP: 9/9
  8774 | D:7      | HP: 1/74 [orc priest/divine providence (12)]
  8775 | D:7      | Killed from afar by an orc priest

Levels and vault maps discovered:
D:1:      onia_arrival_pentagram, layout_basic, hangedman_decor_diamond_cutter,
          hangedman_abyss_or_decor_stabs
D:2:      minmay_roachtagon, layout_basic, first_ration, serial_glass,
          glass_columns_a, glass_columns_a, glass_columns_c,
          minmay_strange_pillars
D:3:      layout_loops_ring, minmay_misc_feat_rows, kennysheep_boxes
D:4:      layout_loops_corners, marbit_many_paths,
          gammafunk_temple_overflow_wave, uniq_ijyb
D:5:      layout_basic, minmay_fountain_box
D:6:      layout_cave_pools, temple_hall, hellmonk_ghost_happy_afterlife,
          minmay_fractal_squares_diagonal_5, uniq_grinder
D:7:      minmay_the_grid_triangle_9x9_rhombus_full
          [minmay_the_grid_triangle_9x9_sprig,
          minmay_the_grid_triangle_9x9_tough_junction,
          minmay_the_grid_triangle_9x9_stretched_checkered,
          minmay_the_grid_triangle_9x9_zippers_horizontal,
          minmay_the_grid_triangle_9x9_windchime,
          minmay_the_grid_triangle_9x9_zippers_vertical,
          minmay_the_grid_triangle_9x9_skeleton,
          minmay_the_grid_triangle_9x9_prize_schism], layout_basic,
          grunt_ogre_cave

Skill      XL: |  1  2  3  4  5  6  7  8 |
---------------+-------------------------+-----
Stealth        | 2 |  2.1
Maces & Flails | 3 4 6 7 |  7.3
Armour         | 1 2 3 4 |  4.5
Fighting       | 4 5 6 7 |  7.9
Dodging        | |  2.9

Action                   |  1- 3 |  4- 6 |  7- 9 || total
-------------------------+-------+-------+-------++-------
Melee: Mace              |    86 |       |       ||    86
       Flail             |    58 |   208 |   232 ||   498
       Kick              |       |     9 |       ||     9
       Dagger            |       |    28 |       ||    28
Invok: Curse Item        |       |     1 |     1 ||     2
Evoke: Wand              |       |     1 |       ||     1
  Use: Scroll            |       |     1 |     8 ||     9
       Potion            |       |       |     4 ||     4
 Stab: Sleeping          |     5 |     5 |       ||    10
       Paralysed         |       |     3 |       ||     3
  Eat: Ration            |     2 |     2 |     2 ||     6
       Chunk             |       |     3 |     4 ||     7
Armor: Robe              |    26 |    17 |       ||    43
       Plate armour      |       |   179 |   149 ||   328
Dodge: Dodged            |   115 |   124 |    54 ||   293
Block: Buckler           |    24 |    58 |    45 ||   127

Table legend:
 A = Non-vault XP
 B = Vault XP
 C = Vault XP percentage of total XP
 D = Non-vault monster count
 E = Vault monster count
 F = Vault count percentage of total count
                 A         B        C        D         E       F
            +---------+---------+-------+---------+---------+-------
      Total |    2392 |     469 |  16.4 |     133 |      14 |   9.5
            +---------+---------+-------+---------+---------+-------
        D:1 |      25 |       0 |   0.0 |      14 |       0 |   0.0
        D:2 |      42 |      18 |  30.0 |      12 |       9 |  42.9
        D:3 |     100 |       0 |   0.0 |      24 |       0 |   0.0
        D:4 |     410 |      51 |  11.1 |      21 |       2 |   8.7
        D:5 |     128 |       0 |   0.0 |      13 |       0 |   0.0
        D:6 |     729 |     284 |  28.0 |      29 |       2 |   6.5
        D:7 |     958 |     116 |  10.8 |      20 |       1 |   4.8
            +---------+---------+-------+---------+---------+-------
